 Dungeon Crawl Stone Soup version 0.24-a0-530-g18ba70b503 (webtiles) character file.

Game seed: 3628236667844225064

60 DEFE the Bolt Thrower (level 3, 0/24 HPs)
             Began as a Demonspawn Wanderer on Aug 9, 2019.
             Was an Initiate of Ru.
             Succumbed to an adder's poison
             ... on level 2 of the Dungeon.
             The game lasted 00:02:16 (1847 turns).

DEFE the Bolt Thrower (Demonspawn Wanderer)         Turns: 1847, Time: 00:02:16

Health: 0/24       AC:  5    Str: 15 (17) XL:     3   Next: 82%
Magic:  4/4        EV:  9    Int:  8 (11) God:    Ru [......]
Gold:   80         SH:  3    Dex: 13 (15) Spells: 3/4 levels left

rFire    . . .     SeeInvis .   p - +2 whip (drain)
rCold    + . .     Gourm    .   l - +0 buckler
rNeg     . . .     Faith    .   b - +0 ring mail
rPois    .         Spirit   .   (no helmet)
rElec    .         Reflect  .   (no cloak)
rCorr    .         Harm     .   (no gloves)
MR       .....                  (no boots)
Stlth    +.........             (no amulet)
HPRegen  0.08/turn              (no ring)
MPRegen  0.09/turn              (no ring)

@: mighty, lethally poisoned (0 -> -3), flying
A: cold resistance 1, freezing cloud immunity
a: Renounce Religion


You were on level 2 of the Dungeon.
You worshipped Ru.
Ru was noncommittal.
You were hungry.

You visited 1 branch of the dungeon, and saw 2 of its levels.

You collected 80 gold pieces.

Inventory:

Hand Weapons
 a - a +0 dagger
 j - a +0 short sword of speed
 p - a +2 whip of draining (weapon)
Missiles
 c - 26 poisoned darts (quivered)
 g - 44 arrows
Armour
 b - a +0 ring mail (worn)
 l - a +0 buckler (worn)
Jewellery
 d - an uncursed ring of fire {unknown}
 n - an uncursed amulet of harm {unknown}
Scrolls
 e - 5 scrolls of identify {unknown}
 h - a scroll of fog {unknown}
 i - a scroll of magic mapping {unknown}
 q - a scroll of enchant weapon {unknown}
Comestibles
 f - a ration


   Skills:
 - Level 0.2 Fighting
 - Level 0.6 Short Blades
 + Level 1.2 Maces & Flails
   Level 2.6 Crossbows
 - Level 2.1 Throwing
 - Level 2.2 Armour
 - Level 0.3 Dodging
 + Level 1.4 Stealth
 - Level 0.3 Shields
 - Level 1.0 Spellcasting
 - Level 1.7 Transmutations


You had 3 spell levels left.
You knew the following spells:

 Your Spells              Type           Power        Failure   Level  Hunger
a - Beastly Appendage     Tmut           #.....       52%         1    ##.....

Your spell library contained the following spells:

 Spells                   Type           Power        Failure   Level  Hunger
 Sticks to Snakes         Tmut           #.......     65%         2    ###....
 Spider Form              Tmut/Pois      #.........   95%         3    ####...
 Ice Form                 Ice/Tmut       #.......     100%        4    #####..
 Blade Hands              Tmut           #.........   100%        5    ######.


Dungeon Overview and Level Annotations

Branches:
Dungeon (2/15)

Altars:
Ru
The Shining One


Innate Abilities, Weirdness & Mutations

Your flesh is cold resistant. (rC+)
You are immune to freezing clouds.


Message History

Unknown command.
There is a lethal amount of poison in your body!
There is a lethal amount of poison in your body!
* * * LOW HITPOINT WARNING * * *
You feel sick.
You take 1 damage, and have 3/24 hp.
Unknown command.
* * * LOW HITPOINT WARNING * * *
You feel sick.
You take 1 damage, and have 2/24 hp.
You swing at nothing.
* * * LOW HITPOINT WARNING * * *
You feel sick.
You take 1 damage, and have 1/24 hp.
* * * LOW HITPOINT WARNING * * *
You feel sick.
Unknown command.
You take 1 damage, and have 1/24 hp.
Unknown command.
You die...

###.########...≈≈≈≈....
..#............≈≈≈≈.≈≈≈
#.#....#####...≈≈≈≈.≈≈≈
#.#.##.# ##..≈≈≈≈.≈≈≈
#...##.# ##.≈≈≈≈.≈≈≈
######.### #.........
######...# #.#..####.#
#........#####.>........
#........#.#....@..###
#..........#.####..#
#...)..(.....# ..#
########.###### #.#
#.......(...# .#
#.####.####.# ##
#.#.......#
###.#.##.##.#
..#.#.#...#.#.#.


There were no monsters in sight!

Vanquished Creatures
  3 adders (D:2)
  A leopard gecko (D:2)
  2 ball pythons
  4 bats (D:1)
  2 giant cockroaches (D:1)
  4 goblins
  3 hobgoblins (D:2)
  5 jackals
  2 kobolds (D:1)
  4 rats
30 creatures vanquished.

Notes
Turn   | Place    | Note
-------+----------+-------------------------------------------
     0 | D:1      | DEFE the Demonspawn Wanderer began the quest for the Orb.
     0 | D:1      | DEFE set off with the following items: a +0 dagger, a +0
                  | ring mail, 10 poisoned darts, a ration; and the following
                  | spell memorised: Beastly Appendage; and the following
                  | spells available to memorise: Sticks to Snakes, Spider
                  | Form, Ice Form, Blade Hands
     0 | D:1      | Reached XP level 1. HP: 13/13 MP: 2/2
    87 | D:1      | Found a glowing golden altar of the Shining One.
   600 | D:1      | Gained mutation: Your flesh is cold resistant. (rC+)
                  | [demonic ancestry]
   600 | D:1      | Reached XP level 2. HP: 19/19 MP: 3/3
  1335 | D:2      | Found a sacrificial altar of Ru.
  1422 | D:2      | Became a worshipper of Ru the Awakened
  1547 | D:2      | Gained mutation: You are immune to freezing clouds.
                  | [demonic ancestry]
  1547 | D:2      | Reached XP level 3. HP: 24/24 MP: 4/4
  1809 | D:2      | Reached skill level 1 in Maces & Flails
  1809 | D:2      | Reached skill level 1 in Stealth
  1841 | D:2      | HP: 1/24 [poisoned by an adder]
  1847 | D:2      | Succumbed to an adder's poison

Levels and vault maps discovered:
D:1:      saegor_arrival_simple_b, layout_basic, tso_altar
D:2:      layout_basic, fiery_altar_vehumet, nicolae_ru_sacrificial_ziggurat,
          kennysheep_another_room, minivault_14

Skill      XL: |  1  2  3 |
---------------+----------+-----
Armour         | 2 |  2.2
Throwing       | 2 |  2.1
Maces & Flails | 1 |  1.2
Stealth        | 1 |  1.4
Fighting       | |  0.2
Short Blades   | |  0.6
Crossbows      | |  2.6
Dodging        | |  0.3
Shields        | |  0.3
Spellcasting   | |  1.0
Transmutations | |  1.7

Action                   || total
-------------------------++-------
Melee: Short sword       ||    91
       Dagger            ||    16
       Whip              ||    32
  Use: Potion            ||     4
  Eat: Chunk             ||     2
Armor: Ring mail         ||    59
Dodge: Dodged            ||    70
Block: Buckler           ||    15

Table legend:
 A = Non-vault XP
 B = Vault XP
 C = Vault XP percentage of total XP
 D = Non-vault monster count
 E = Vault monster count
 F = Vault count percentage of total count
                 A         B        C        D         E       F
            +---------+---------+-------+---------+---------+-------
      Total |      87 |       0 |   0.0 |      30 |       0 |   0.0
            +---------+---------+-------+---------+---------+-------
        D:1 |      26 |       0 |   0.0 |      16 |       0 |   0.0
        D:2 |      61 |       0 |   0.0 |      14 |       0 |   0.0
            +---------+---------+-------+---------+---------+-------
